Match 38405582
Unlisted

Match 38405582
End
Selects Luftwaffe Battlegroup
Selects Luftwaffe Pioneer Support
Fallschirmpioneer Squad Paradrop
Construct Infanterie Kompanie
Fallschirmpioneer Squad Paradrop
Fallschirmpioneer Squad Paradrop
Construct Panzergrenadier Kompanie
Selects Flak 38 Anti-Air Emplacement
251 Medium Carrier
Fallschirmpioneer Squad Paradrop
Fallschirmpioneer Squad Paradrop
Selects Flak 36 Anti-tank Gun Emplacement
Selects Reconnaissance Run
Selects Fallschirmjäger Squad Paradrop
Construct Panzer Kompanie
Fallschirmpioneer Squad Paradrop
Panzer IV Medium Tank
Reconnaissance Run
Panzer IV Medium Tank
Side Skirts
Panzer Officer Quarters
Blacy
billygoatscruff
Mael Radec
-_Alexxitan_-
Uncle_Sam
Specon [UA]
Joker [UA]
[\|/] donhome [UA]
0
0

Comments sign in to comment!

No comments posted yet!